 Dungeon Crawl Stone Soup version 0.19-a0-1895-g783e625 (webtiles) character file.

89 dobroeutro the Shooter (level 4, -3/36 HPs)
             Began as a Centaur Hunter on Oct 18, 2016.
             Slain by an adder (4 damage)
             ... on level 2 of the Dungeon.
             The game lasted 00:03:18 (2002 turns).

dobroeutro the Shooter (Centaur Hunter)             Turns: 2002, Time: 00:03:19

Health: -3/36      AC:  4    Str: 16    XL:     4   Next: 31%
Magic:  4/4        EV: 14    Int: 10    God:
Gold:   64         SH:  0    Dex: 14    Spells: 0 memorised, 3 levels left

rFire  . . .     SeeInvis .     b - +0 short sword
rCold  . . .     Gourm    .     c - +0 leather armour
rNeg   . . .     Faith    .     (no shield)
rPois  .         Spirit   .     (no helmet)
rElec  .         Reflect  .     (no cloak)
rCorr  .         Harm     .     (no gloves)
MR     .....                    (no barding)
Stlth  ++........               (no amulet)
                                (no ring)
                                g - ring of wizardry

@: agile, lethally poisoned (-3 -> -13), very quick
A: hooves 3, deformed body, speed 2, tough skin 3
a: no special abilities


You were on level 2 of the Dungeon.
You were not hungry.

You visited 1 branch of the dungeon, and saw 2 of its levels.

You collected 64 gold pieces.

Inventory:

Hand Weapons
 a - a +1 shortbow
 b - a +0 short sword (weapon)
Missiles
 d - 36 arrows
Armour
 c - a +0 leather armour (worn)
Jewellery
 g - a ring of wizardry (left hand)
Comestibles
 f - 3 bread rations
 h - 7 chunks of flesh
 i - a fruit


   Skills:
 - Level 2.0 Fighting
 + Level 7.7 Bows
 - Level 1.3 Dodging
 - Level 0.4 Stealth


You had 3 spell levels left.
You didn't know any spells.

Dungeon Overview and Level Annotations

Branches:
Dungeon (2/15)

Altars:


Innate Abilities, Weirdness & Mutations

You have hooves in place of feet.
Armour fits poorly on your strangely shaped body.
You cover ground very quickly.
You have extremely tough skin. (AC +3)


Message History

* * * LOW HITPOINT WARNING * * *
You feel sick. The adder bites you.
* * * LOW HITPOINT WARNING * * *
The adder bites you.
* * * LOW HITPOINT WARNING * * *
You are more poisoned.
The adder poisons you!
It was a potion of agility.
You feel agile all of a sudden.
* * * LOW HITPOINT WARNING * * *
You feel sick. The adder barely misses you.
Unknown command.
It was a potion of cure mutation.
It has a very clean taste.
* * * LOW HITPOINT WARNING * * *
You feel sick. The adder barely misses you.
You completely miss the adder. Your kick misses the adder.
The adder is severely wounded.
* * * LOW HITPOINT WARNING * * *
You feel sick. The adder bites you.
You die...

........#.......
........#†......
...#+##.........
...#.##.##.#+###
........##.#.#
...........#.#
......######.#######.#
....##.#.......#.S...#
#....).#.###.#.#@###
#.#.##.#.#.....#...# #
#.#.#..#.#.#....#### #
..#....#.#.#....# #
#..#.....#.#.#..#
#############
#..#...###.#......
#............
.(.#.......#..###.#
#............
####..####.#... .#
#............ ..##..#
#.#... . #...(........


You could see an adder.

Vanquished Creatures
  4 adders
  2 dart slugs
  5 bats
  2 giant cockroaches (D:1)
  4 goblins
  7 hobgoblins
  8 jackals
  5 kobolds (D:1)
  5 frilled lizards (D:1)
  6 rats
48 creatures vanquished.

Notes
Turn   | Place    | Note
-------+----------+-------------------------------------------
     0 | D:1      | dobroeutro the Centaur Hunter began the quest for the Orb.
     0 | D:1      | Reached XP level 1. HP: 17/17 MP: 1/1
   168 | D:1      | Reached XP level 2. HP: 8/24 MP: 2/2
   183 | D:1      | Reached skill level 6 in Bows
   669 | D:1      | Reached XP level 3. HP: 24/29 MP: 3/3
  1223 | D:2      | Reached skill level 7 in Bows
  1277 | D:1      | HP: 1/29 [poisoned by an adder]
  1547 | D:2      | Reached XP level 4. HP: 20/36 MP: 4/4
  2002 | D:2      | HP: 1/36 [poisoned by an adder]
  2002 | D:2      | Slain by an adder

Vault maps used:
D:1:      minmay_arrival_nine_rooms
D:2:      uniq_iyjb, uniq_terence

Skill      XL: |  1  2  3 |
---------------+----------+-----
Bows           | 6 7 |  7.7
Fighting       | |  2.0
Dodging        | |  1.3
Stealth        | |  0.4

Action                   |  1- 3 |  4- 6 || total
-------------------------+-------+-------++-------
Melee: Short sword       |   134 |    45 ||   179
       Kick              |    14 |     7 ||    21
  Use: Scroll            |     1 |       ||     1
       Potion            |       |     2 ||     2
  Eat: Chunk             |     1 |     2 ||     3
Armor: Leather armour    |    71 |    15 ||    86
       Ring mail         |     2 |       ||     2
Dodge: Dodged            |    67 |    22 ||    89
